 Dungeon Crawl Stone Soup version 0.31-a0-210-gccc998df9b (webtiles) character file.

Game seed: 8712136050877943647

81 qw the Shooter (level 4, -6/36 HPs)
             Began as a Minotaur Hexslinger on June 30, 2023.
             Mangled by Sigmund
             ... wielding a +0 scythe
              (10 damage)
             ... on level 3 of the Dungeon.
             The game lasted 00:00:38 (1696 turns).

qw the Shooter (Minotaur Hexslinger)                Turns: 1696, Time: 00:00:38

Health: -6/36      AC:  7    Str: 13    XL:     4   Next: 19%
Magic:  4/4        EV: 11    Int: 10    God:
Gold:   36         SH:  0    Dex: 14    Spells: 4/5 levels left

rFire   . . .        Y - +1 sling (flame)
rCold   . . .        (no shield)
rNeg    . . .        c - +0 ring mail
rPois   .            (helmet restricted)
rElec   .            b - +0 cloak
rCorr   .            (no gloves)
SInv    .            g - +0 pair of boots
Will    .....        (no amulet)
Stlth   +            (no ring)
HPRegen 0.26/turn    (no ring)
MPRegen 0.09/turn

%: no passive effects
@: no status effects
A: horns 2, retaliatory headbutt
a: no special abilities


You were on level 3 of the Dungeon.
You visited 1 branch of the dungeon, and saw 3 of its levels.

You collected 36 gold pieces.


Innate Abilities, Weirdness & Mutations

You have a pair of horns on your head.
You reflexively headbutt those who attack you in melee.


   Skills:
 - Level 2.0 Fighting
 - Level 4.6 Ranged Weapons
 + Level 0.8 Armour
 - Level 2.1 Dodging
 - Level 1.0 Spellcasting
 - Level 2.0 Hexes


You had 4 spell levels left.
You knew the following spells:

 Your Spells              Type           Power      Damage    Failure   Level
a - Slow                  Hex            16%        N/A       32%         1

Your spell library contained the following spells:

 Spells                   Type           Power      Damage    Failure   Level
 Inner Flame              Hex/Fire       2%         N/A       82%         3
 Portal Projectile        Hex/Tloc       4%         N/A       82%         3
 Cause Fear               Hex            2%         N/A       97%         4

Inventory:

Hand Weapons
 Y - a +1 sling of flaming (weapon)
Armour
 b - a +0 cloak (worn)
 c - a +0 ring mail (worn)
 g - a +0 pair of boots (worn)
Potions
 e - a potion of curing {unknown}
 f - a potion of brilliance {unknown}
 i - a potion of attraction {unknown}

Dungeon Overview and Level Annotations

Branches:
Dungeon (3/15)

Altars:

Shops:
D:3 (

Annotations:
D:3 Sigmund


Message History

Autopickup is now on.
Enter note:
Enter note:
Enter note:
Enter note:
Enter note:
Enter note:
Enter note:
Enter note:
Enter note:
Enter note:
Enter note:
Enter note:
Enter note:
Enter note:
Enter note: You start resting.
There is a strange disturbance nearby!
1689 ||| Stepping randomly (disturbance).
Really walk into a travel-excluded area?
Something hits you!
Deactivating autopickup; reactivate with Ctrl-A.
Autopickup is now on.
Enter note:
Enter note: You start resting.
Something hits you but does no damage.
Deactivating autopickup; reactivate with Ctrl-A.
Autopickup is now on.
You start resting.
Something hits you but does no damage.
Deactivating autopickup; reactivate with Ctrl-A.
Autopickup is now on.
You start resting.
Something hits you.
Deactivating autopickup; reactivate with Ctrl-A.
Autopickup is now on.
You start resting.
Something hits you!
You die...

###.#.#.#####.##.
#.#+#.# #.# #.....#
######.....#####.##
..!................
...................
######..#..##......
#..#..##......
....#..@....... #
##########...... #
..... # .... # ###
# # .#######
........ .######.


There were no monsters in sight!

Vanquished Creatures
  3 adders
  A dart slug (D:3)
  9 endoplasms
  2 giant cockroaches
  4 goblins
  4 hobgoblins
  5 jackals (D:1)
  5 kobolds
  A quokka (D:1)
  2 ball pythons (D:1)
  4 bats
  2 frilled lizards
  4 rats
46 creatures vanquished.

Notes
Turn   | Place    | Note
-------+----------+-------------------------------------------
     0 | D:1      | qw the Minotaur Hexslinger began the quest for the Orb.
     0 | D:1      | Reached XP level 1. HP: 16/16 MP: 1/1
     0 | D:1      | 0 ||| qw: Version: 0.3-a-24-ga2abf7b
     0 | D:1      | 0 ||| qw: Game counter: 7130
     0 | D:1      | 0 ||| qw: Melee chars always use a shield: true
     0 | D:1      | 0 ||| qw: God list: Okawaru
     0 | D:1      | 0 ||| qw: Allow faded altars: false
     0 | D:1      | 0 ||| qw: Do Orc after clearing Dungeon:15 true
     0 | D:1      | 0 ||| qw: Do second Lair branch before Depths: true
     0 | D:1      | 0 ||| qw: Lair rune preference: random
     0 | D:1      | 0 ||| qw: Goals: Normal
     0 | D:1      | 0 ||| PLANNING D:1-11
    29 | D:1      | 29 ||| FLEEEEING.
    90 | D:1      | Reached skill level 3 in Ranged Weapons
    90 | D:1      | Reached XP level 2. HP: 11/23 MP: 2/2
   500 | D:1      | Reached XP level 3. HP: 29/29 MP: 3/3
   955 | D:1      | 955 ||| UPGRADING to +0 leather armour.
   965 | D:1      | 965 ||| DROPPING +0 robe.
   966 | D:1      | 966 ||| UPGRADING to +0 pair of boots.
   971 | D:1      | 971 ||| READING scroll labelled BIEFIR ZEAXAX.
   972 | D:1      | 972 ||| DROPPING scroll of poison.
   993 | D:2      | 993 ||| STAIRDANCE
   998 | D:1      | Reached skill level 4 in Ranged Weapons
  1342 | D:2      | Reached XP level 4. HP: 34/36 MP: 4/4
  1419 | D:2      | 1419 ||| UPGRADING to +0 cloak.
  1424 | D:2      | 1424 ||| UPGRADING to +0 ring mail.
  1434 | D:2      | 1434 ||| DROPPING +0 leather armour.
  1435 | D:2      | 1435 ||| READING scroll labelled FASOZOOSAT.
  1494 | D:3      | Found Ijogubra's Weapon Shop.
  1507 | D:3      | 1507 ||| SHOPLISTING +2 orcbow of freezing (256 gold, have
                  | 36).
  1671 | D:3      | Noticed Sigmund
  1684 | D:3      | HP: 9/36 [something (7)]
  1689 | D:3      | 1689 ||| Stepping randomly (disturbance).
  1689 | D:3      | HP: 4/36 [something (7)]
  1694 | D:3      | HP: 3/36 [something (2)]
  1696 | D:3      | Mangled by Sigmund

Levels and vault maps discovered:
D:1:      giann_horns, layout_basic
D:2:      layout_rooms
D:3:      layout_basic, nicolae_overflow_hidden_temple,
          shapermc_ecumenical_altar_mp_highgroup, serial_shops, shop_statue,
          minmay_joined_circles, uniq_sigmund

Skill      XL: |  1  2  3 |
---------------+----------+-----
Ranged Weapons | 3 4 |  4.6
Fighting       | 2 |  2.0
Armour         | |  0.8
Dodging        | |  2.1
Spellcasting   | |  1.0
Hexes          | |  2.0

Action                     |  1- 3 |  4- 6 || total
---------------------------+-------+-------++-------
   Fire: Sling             |   115 |    26 ||   141
    Use: Scroll            |     1 |     1 ||     2
 Armour: Robe              |     5 |       ||     5
         Leather armour    |     6 |       ||     6
         Ring mail         |       |     5 ||     5
  Dodge: Dodged            |    38 |     4 ||    42

Table legend:
 A = Non-vault XP
 B = Vault XP
 C = Vault XP percentage of total XP
 D = Non-vault monster count
 E = Vault monster count
 F = Vault count percentage of total count
                 A         B        C        D         E       F
            +---------+---------+-------+---------+---------+-------
      Total |     116 |       0 |   0.0 |      46 |       0 |   0.0
            +---------+---------+-------+---------+---------+-------
        D:1 |      63 |       0 |   0.0 |      29 |       0 |   0.0
        D:2 |      42 |       0 |   0.0 |      11 |       0 |   0.0
        D:3 |      11 |       0 |   0.0 |       6 |       0 |   0.0
            +---------+---------+-------+---------+---------+-------
